 Dungeon Crawl Stone Soup version 0.30-a0-304-gdc4b735fe1 (webtiles) character file.

Game seed: 8566932259998497246

3481 gruber the Skirmisher (level 9, -3/112 HPs)
             Began as a Minotaur Hunter on Oct 20, 2022.
             Was a Follower of Okawaru.
             Slain by a gnoll sergeant
             ... wielding a +1 trident of venom
              (20 damage)
             ... on level 7 of the Dungeon.
             The game lasted 00:08:10 (6075 turns).

gruber the Skirmisher (Minotaur Hunter)             Turns: 6075, Time: 00:08:11

Health: -3/112     AC: 24    Str: 16    XL:     9   Next: 79%
Magic:  7/8        EV:  2    Int:  6    God:    Okawaru [*.....]
Gold:   296        SH:  0    Dex: 18    Spells: 8/8 levels left

rFire   . . .      SeeInvis .    (no weapon)
rCold   . . .      Faith    .    (no shield)
rNeg    . . .      Spirit   .    (body armour currently unavailable)
rPois   +          Reflect  .    (helmet unavailable)
rElec   .          Harm     .    (cloak currently unavailable)
rCorr   .          Rampage  .    (gloves currently unavailable)
Will    .....      NoTele   +    (boots currently unavailable)
Stlth   ++........               (no amulet)
HPRegen 0.38/turn                f - +4 ring of evasion
MPRegen 0.11/turn                (no ring)

@: lethally poisoned (-3 -> -4), tree-form
A: stationary, stasis, torment immunity, boosted hp, (horns 3), (retaliatory
headbutt), (fire resistance 1)
a: Renounce Religion, Heroism


You were on level 7 of the Dungeon.
You worshipped Okawaru.
Okawaru was aware of your devotion.
You were a tree.
You visited 2 branches of the dungeon, and saw 8 of its levels.

You collected 296 gold pieces.

Inventory:

Hand Weapons
 a - a +0 shortbow
 l - a +1 whip of electrocution
Armour
 c - a +0 leather armour (melded)
 d - a +0 pair of boots (melded)
 t - a +0 cloak (melded)
 D - a +1 hat
Jewellery
 f - a +4 ring of evasion (left branch)
 p - an amulet of faith
 A - a ring of poison resistance
Wands
 g - a wand of flame (11)
 w - a wand of roots (2)
Scrolls
 b - 3 scrolls of immolation
 h - a scroll of enchant armour {unknown}
 i - 3 scrolls of poison {unknown}
 k - 5 scrolls of identify {unknown}
 m - 4 scrolls of teleportation {unknown}
 o - 2 scrolls of amnesia {unknown}
 q - a scroll of fog {unknown}
 r - 2 scrolls of summoning {unknown}
 s - 2 scrolls of magic mapping {unknown}
 u - 2 scrolls of fear {unknown}
 B - 3 scrolls of silence {unknown}
 C - a scroll of enchant weapon {unknown}
Potions
 e - 2 potions of mutation
 v - a potion of brilliance {unknown}
 x - 2 potions of berserk rage {unknown}
 z - a potion of curing


   Skills:
 - Level 6.0 Fighting
 * Level 12.4 Ranged Weapons
 - Level 6.2 Armour
 - Level 6.4 Dodging
 - Level 0.7 Stealth


You had 8 spell levels left.
You didn't know any spells.
Your spell library contained the following spells:

 Spells                   Type           Power      Damage    Failure   Level
 Dazzling Flash           Conj/Hex       0%         N/A       83%         3
 Ignite Poison            Fire/Tmut/Pois 0%         N/A       83%         3
 Kindle Blastsparks       Fire/Tloc/Air  0%         2d10      83%         3
 Stone Arrow              Conj/Erth      0%         3d7       83%         3
 Iskenderun's Mystic Bla  Conj/Tloc      0%         2d3       99%         4
 Freezing Cloud           Conj/Ice/Air   0%         6-21      100%        5
 Starburst                Conj/Fire      0%         6d3       100%        6
 Lehudib's Crystal Spear  Conj/Erth      0%         10d2      100%        8
 Animate Armour           Summ/Erth      Unusable   N/A       N/A         4

Dungeon Overview and Level Annotations

Branches:
Dungeon (7/15)             Temple (1/1) D:7

Altars:
Ashenzari
Cheibriados
Dithmenos
Fedhas
Hepliaklqana
Makhleb
Nemelex Xobeh
Okawaru
Qazlal
Ru
Sif Muna
Uskayaw
Vehumet
Wu Jian
Xom
Zin
The Shining One

Shops:
D:2 [   D:7 [


Innate Abilities, Weirdness & Mutations

You are a tree.
Your roots penetrate the ground, keeping you stationary.
You cannot be teleported.
You are immune to unholy pain and torment.
Your maximum health is greatly increased.
Your equipment is partially melded.
((You have a pair of large horns on your head.))
((You reflexively headbutt those who attack you in melee.))
((Your flesh is heat resistant. (rF+)))


Message History

* * * LOW HITPOINT WARNING * * *
You hit the gnoll sergeant but do no damage.
The gnoll sergeant is severely wounded.
You feel sick.
The gnoll sergeant hits you but does no damage.
The gnoll sergeant blocks your attack.
The gnoll sergeant is severely wounded.
You feel sick. The gnoll sergeant blocks your attack.
The gnoll sergeant is severely wounded.
You feel sick.
The gnoll sergeant hits you but does no damage.
You hit the gnoll sergeant.
The gnoll sergeant is severely wounded.
You feel sick.
The gnoll sergeant hits you but does no damage.
You hit the gnoll sergeant but do no damage.
The gnoll sergeant is severely wounded.
You feel sick. The gnoll sergeant barely misses you.
The gnoll sergeant blocks your attack.
The gnoll sergeant is severely wounded.
You feel sick.
You barely miss the gnoll sergeant. The gnoll sergeant blocks your attack.
The gnoll sergeant is severely wounded.
You feel sick.
The gnoll sergeant hits you but does no damage.
You barely miss the gnoll sergeant.
The gnoll sergeant is severely wounded.
You feel like a meek peon again.
You feel sick.
The gnoll sergeant hits you with a +1 trident of venom.
* * * LOW HITPOINT WARNING * * *
You hit the gnoll sergeant.
The gnoll sergeant is almost dead.
You feel sick.
The gnoll sergeant hits you but does no damage.
Your +2 dagger of venom stops dripping with poison.
You are now empty-handed.
You drop a +2 dagger of venom.
You feel sick.
The gnoll sergeant hits you with a +1 trident of venom!!
You die...

# # # ##### ###########.
....# ###...........
###.#### #..♣g..#### ..#
#....## ###.####.## ####
..# ####..####...# #..#
#≈≈≈# ..## ####..##..###
##g# ≈..5≈##..#
####........##
#.'.......#..#
.....###...###
#.'...∩...#..#
.^...........###
#.'.(....5#..#
##########.....#
####≈...≈##.##
#####.#########≈≈≈##...#


You could see a gnoll sergeant (strong).

Vanquished Creatures
  Pikel (D:6)
  Grinder (D:4)
  A hornet (D:7)
  Sigmund (D:2)
  A vampire (D:6)
  A water moccasin (D:7)
  An orc warrior (D:4)
  2 black bears (D:6)
  An ice beast (D:6)
  A sky beast (D:6)
  2 ogres (D:5)
  3 centaurs (D:7)
  2 phantoms
  A lemure (D:7)
  2 kobold brigands (D:7)
  3 bullfrogs
  3 scorpions
  A howler monkey (D:6)
  An orc priest (D:4)
  2 jellies
  4 hounds
  6 iguanas
  2 orc wizards
  Robin (D:3)
  A gnoll (D:5)
  10 adders
  2 shadow imps
  A white imp (D:5)
  A worm (D:4)
  A dart slug (D:3)
  19 orcs
  6 ball pythons
  5 endoplasms
  3 giant cockroaches
  11 goblins
  14 hobgoblins
  A quokka (D:3)
  7 bats
  5 frilled lizards
  13 kobolds
  4 rats
148 creatures vanquished.

Notes
Turn   | Place    | Note
-------+----------+-------------------------------------------
     0 | D:1      | gruber the Minotaur Hunter began the quest for the Orb.
     0 | D:1      | Reached XP level 1. HP: 18/18 MP: 0/0
   354 | D:1      | Reached XP level 2. HP: 19/25 MP: 1/1
   524 | D:1      | Reached skill level 5 in Ranged Weapons
   863 | D:2      | Reached XP level 3. HP: 21/30 MP: 2/2
   932 | D:2      | Noticed Sigmund
   943 | D:2      | Killed Sigmund
   944 | D:2      | Reached skill level 7 in Ranged Weapons
   944 | D:2      | Reached XP level 4. HP: 20/37 MP: 3/3
   944 | D:2      | Reached XP level 5. HP: 23/42 MP: 4/4
  1115 | D:2      | Found Atebat's Antique Armour Emporium.
  1911 | D:3      | Reached skill level 8 in Ranged Weapons
  2089 | D:3      | Reached XP level 6. HP: 50/50 MP: 5/5
  2267 | D:3      | Noticed Robin
  2275 | D:3      | Killed Robin
  2861 | D:4      | Noticed Grinder
  2870 | D:4      | Reached skill level 9 in Ranged Weapons
  2875 | D:4      | Killed Grinder
  2876 | D:4      | Reached XP level 7. HP: 49/56 MP: 6/6
  2915 | D:4      | Reached skill level 10 in Ranged Weapons
  3097 | D:4      | Reached skill level 5 in Fighting
  3427 | D:5      | Entered Level 5 of the Dungeon
  3461 | D:5      | Reached XP level 8. HP: 67/70 MP: 7/7
  4098 | D:5      | Reached skill level 5 in Dodging
  4911 | D:6      | Reached skill level 5 in Armour
  4911 | D:6      | Reached XP level 9. HP: 70/75 MP: 8/8
  5068 | D:7      | Gained mutation: Your flesh is heat resistant. (rF+)
                  | [potion of mutation]
  5068 | D:7      | Gained mutation: You have a pair of large horns on your
                  | head. [potion of mutation]
  5154 | D:7      | Noticed Pikel
  5166 | D:6      | Killed Pikel
  5185 | D:7      | Reached skill level 11 in Ranged Weapons
  5206 | D:7      | Found Mexkem's Armour Shop.
  5317 | D:7      | Found a staircase to the Ecumenical Temple.
  5323 | Temple   | Entered the Ecumenical Temple
  5349 | Temple   | Became a worshipper of Warmaster Okawaru
  5715 | D:7      | Reached skill level 12 in Ranged Weapons
  5832 | D:7      | Found a snail-covered altar of Cheibriados.
  5832 | D:7      | Found a blossoming altar of Fedhas.
  5920 | D:7      | Reached * piety under Okawaru
  6075 | D:7      | Slain by a gnoll sergeant

Illustrated notes

Levels and vault maps discovered:
D:1:      saegor_arrival_fortress, layout_basic, kennysheep_small_spiral
D:2:      layout_basic, serial_shops, shop_statue, minmay_box_of_dots,
          uniq_sigmund
D:3:      layout_basic, uniq_robin
D:4:      layout_rooms, guppyfry_early_orc_mine, uniq_grinder
D:5:      kb_forest_paths, layout_basic
D:6:      layout_basic
D:7:      layout_rooms, gammafunk_temple_overflow_elements,
          minmay_temple_entry_fiery, kennysheep_windowed_goal, uniq_pikel
Temple:   nicolae_temple_bog_church

Skill      XL: |  1  2  3  4  5  6  7  8  9 |
---------------+----------------------------+-----
Ranged Weapons | 5 7 8 9 10 12 | 12.4
Fighting       | 6 |  6.0
Dodging        | 6 |  6.4
Armour         | 5 6 |  6.2
Stealth        | |  0.7

Action                   |  1- 3 |  4- 6 |  7- 9 || total
-------------------------+-------+-------+-------++-------
Melee: Dagger            |       |       |    51 ||    51
       Headbutt          |       |       |    11 ||    11
       Unarmed           |       |       |     8 ||     8
 Fire: Shortbow          |    59 |   155 |   328 ||   542
Invok: Heroism           |       |       |     1 ||     1
Evoke: Wand              |       |       |     1 ||     1
  Use: Potion            |       |       |     8 ||     8
Armor: Leather armour    |    12 |    15 |    44 ||    71
       Skin              |       |       |    17 ||    17
Dodge: Dodged            |    27 |    61 |   181 ||   269

Table legend: (Time is in decaauts)
 A = Elapsed time spent in this place.
 B = Non-inter-level travel time spent in this place.
 C = Inter-level travel time spent in this place.
 D = Time resting spent in this place.
 E = Time spent auto-exploring this place.
 F = Levels seen in this place.
 G = Mean time per level.
                   A        B        C        D        E       F      G
               +--------+--------+--------+--------+--------+-----+--------+
         Total |   6087 |   5833 |    254 |      5 |   4836 |   8 |  760.9 |
       Dungeon |   6041 |   5807 |    234 |      5 |   4827 |   7 |  863.0 |
        Temple |     46 |     27 |     19 |      0 |      9 |   1 |   46.0 |
               +--------+--------+--------+--------+--------+-----+--------+

Top non-repeatable levels by time:
     D:3: 949 daAuts
     D:4: 918 daAuts
     D:5: 906 daAuts
     D:7: 881 daAuts
     D:1: 841 daAuts
     D:6: 789 daAuts
     D:2: 754 daAuts
  Temple: 46 daAuts
